 Dungeon Crawl Stone Soup version 0.32-a0-872-g59262bdc9b (webtiles) character file.

Game seed: 17427914339084211039

164 MagicMayhem53 the Magician (level 5, -2/36 HPs)
             Began as a Demonspawn Hedge Wizard on Mar 30, 2024.
             Incinerated by a bombardier beetle (4 damage)
             ... with a burning spray
             ... on level 4 of the Dungeon.
             The game lasted 00:27:06 (3392 turns).

MagicMayhem53 the Magician (DsHW)                   Turns: 3392, Time: 00:27:07

Health: -2/36      AC:  7    Str: 11    XL:     5   Next: 21%
Magic:  0/11       EV: 11    Int: 16    God:
Gold:   102        SH:  0    Dex: 12    Spells: 11/12 levels left

rFire   . . .        q - +2 short sword (elec)
rCold   . . .        (no shield)
rNeg    . . .        b - +2 robe
rPois   .            c - +1 hat
rElec   .            (no cloak)
rCorr   .            (no gloves)
SInv    .            (no boots)
Will    .....        i - amulet of guardian spirit
Stlth   +            (no ring)
HPRegen 0.26/turn    (no ring)
MPRegen 0.12/turn

%: guardian spirit
@: on fire, glowing
A: sharp scales 2
a: no special abilities


You were on level 4 of the Dungeon.
You visited 1 branch of the dungeon, and saw 4 of its levels.

You collected 102 gold pieces.

Inventory:

Hand Weapons
 a - a +1 dagger
 g - a +0 whip of venom
 q - a +2 short sword of electrocution (weapon)
Missiles
 j - 7 poisoned darts
 k - 31 stones
Armour
 b - a +2 robe (worn)
 c - a +1 hat (worn)
 u - +0 ice dragon scales
Jewellery
 i - an amulet of guardian spirit (around neck)
 o - an amulet of the acrobat
 s - a ring of magical power
Potions
 d - a potion of magic
 e - a potion of invisibility {unknown}
 f - 2 potions of curing {unknown}
 h - 3 potions of attraction
 l - 2 potions of mutation
 m - a potion of berserk rage {unknown}
 n - 2 potions of lignification {unknown}
 p - a potion of resistance {unknown}
 r - a potion of heal wounds {unknown}
 t - 3 potions of might {unknown}


   Skills:
 + Level 0.4 Fighting
 + Level 0.8 Short Blades
 + Level 0.6 Maces & Flails
 + Level 0.8 Throwing
 + Level 2.2 Dodging
 + Level 2.5 Stealth
 + Level 4.1 Spellcasting
 + Level 2.2 Conjurations
 + Level 1.0 Summonings
 + Level 0.8 Translocations


You had 11 spell levels left.
You knew the following spells:

 Your Spells              Type           Power      Damage    Failure   Level
a - Magic Dart            Conj           40%        1d5       7%          1

Your spell library contained the following spells:

 Spells                   Type           Power      Damage    Failure   Level
 Slow                     Hex            12%        N/A       17%         1
 Call Imp                 Summ           12%        N/A       17%         2
 Blink                    Tloc           12%        N/A       19%         2
 Cigotuvi's Dreadful Rot  Necr/Alch/Air  6%         N/A       26%         2
 Mephitic Cloud           Conj/Alch/Air  5%         N/A       36%         3
 Summon Forest            Summ/Tloc      3%         N/A       97%         5
 Eringya's Noxious Bog    Alch           1%         4d6       100%        6
 Summon Hydra             Summ           3%         N/A       100%        7


Dungeon Overview and Level Annotations

Branches:
Dungeon (4/15)
 Temple: D:4-7

Altars:
Trog


Innate Abilities, Weirdness & Mutations

You are mostly covered in razor-sharp scales. (AC +2, Slay +2)


Message History

The bombardier beetle is severely wounded.
The liquid fire burns you!
You hit the bombardier beetle.
The bombardier beetle is almost dead.
The liquid fire burns you!
The bombardier beetle sprays incendiary fluid at you.
The burning spray hits you.
You are even more covered in liquid fire!
You puncture the bombardier beetle!
You kill the bombardier beetle!
The liquid fire burns you!
You have reached level 5!
You barely miss the orc. The liquid fire burns you!
The orc hits you with a +0 club.
You hit the orc.
The orc is almost dead.
The liquid fire burns you! The orc barely misses you.
You puncture the orc! Lightning courses through the orc!!
You kill the orc!
The liquid fire burns you!
You shake off some of the fire as you move.
The liquid fire burns you!
* * * LOW HITPOINT WARNING * * *
Items here: )) ††.
You shake off some of the fire as you move.
The liquid fire burns you!
* * * LOW HITPOINT WARNING * * *
You are on fire!
You are on fire!
You are on fire!
You are on fire!
You shake off some of the fire as you move.
The liquid fire burns you!
* * * LOW HITPOINT WARNING * * *
You are on fire!
You shake off some of the fire as you move.
The liquid fire burns you!
You die...

### # .. ## #..###.
.###########
..o....#.........S..
#...# .....#####
##)## ....#... #.#
...#.# #.# ..#.# #@#
#######.#
#.######.......#
#........#######
####.##### #.# #<#
#.# #.# #.#


There were no monsters in sight!

Vanquished Creatures
  A bombardier beetle (D:4)
  A hound (D:4)
  An orc wizard (D:3)
  An adder (D:3)
  3 dart slugs
  A ribbon worm (D:2)
  6 orcs
  6 endoplasms
  3 giant cockroaches
  6 goblins
  4 hobgoblins
  6 kobolds
  5 quokkas
  A ball python (D:1)
  2 bats
  3 frilled lizards
  A rat (D:2)
51 creatures vanquished.

Vanquished Creatures (others)
  An arcanist (D:3)
1 creature vanquished.

Grand Total: 52 creatures vanquished

Notes
Turn   | Place    | Note
-------+----------+-------------------------------------------
     0 | D:1      | MagicMayhem53 the Demonspawn Hedge Wizard began the quest
                  | for the Orb.
     0 | D:1      | Reached XP level 1. HP: 13/13 MP: 4/4
   354 | D:1      | Gained mutation: You are partially covered in razor-sharp
                  | scales. (AC +1, Slay +1) [demonic ancestry]
   354 | D:1      | Reached XP level 2. HP: 11/19 MP: 3/6
  1363 | D:2      | Gained mutation: You are mostly covered in razor-sharp
                  | scales. (AC +2, Slay +2) [demonic ancestry]
  1363 | D:2      | Reached XP level 3. HP: 20/24 MP: 6/8
  2360 | D:3      | Found a bloodstained altar of Trog.
  2362 | D:3      | Noticed a wizard
  2367 | D:3      | Killed a wizard
  2530 | D:3      | Reached XP level 4. HP: 20/31 MP: 3/9
  3362 | D:4      | Reached skill level 4 in Spellcasting
  3386 | D:4      | Reached XP level 5. HP: 17/36 MP: 6/11
  3392 | D:4      | Incinerated by a bombardier beetle

Illustrated notes

Levels and vault maps discovered:
D:1:      dpeg_arrival_rooms_b, layout_loops_corners
D:2:      layout_rooms, minmay_misc_feat_rugged
D:3:      layout_basic, trog_wizard
D:4:      layout_loops_ring, serial_co_window_serial, co_window_paths_a,
          co_window_paths_b, co_window_of_opportunity_a, co_window_paths_a,
          co_window_corner_a, co_window_corner_b, co_window_corner_b,
          co_window_unsneaky_path_a, glass_columns_c, glass_columns_a,
          glass_columns_c, glass_columns_a, glass_columns_b, uniq_ijyb,
          uniq_eustachio, uniq_natasha

Skill      XL: |  1  2  3  4 |
---------------+-------------+-----
Stealth        | 2 |  2.5
Dodging        | 2 |  2.2
Spellcasting   | 4 |  4.1
Conjurations   | 2 |  2.2
Fighting       | |  0.4
Short Blades   | |  0.8
Maces & Flails | |  0.6
Throwing       | |  0.8
Summonings     | |  1.0
Translocations | |  0.8

Action                     |  1- 3 |  4- 6 || total
---------------------------+-------+-------++-------
  Melee: Dagger            |    61 |       ||    61
         Whip              |    18 |       ||    18
         Short sword       |     9 |    44 ||    53
  Throw: Dart              |    10 |       ||    10
   Cast: Magic Dart        |    76 |    14 ||    90
    Use: Scroll            |    11 |       ||    11
 Armour: Robe              |    52 |    20 ||    72
  Dodge: Dodged            |    33 |    15 ||    48

Table legend: (Time is in decaauts)
 A = Elapsed time spent in this place.
 B = Non-inter-level travel time spent in this place.
 C = Inter-level travel time spent in this place.
 D = Time resting spent in this place.
 E = Time spent auto-exploring this place.
 F = Levels seen in this place.
 G = Mean time per level.
                   A        B        C        D        E       F      G
               +--------+--------+--------+--------+--------+-----+--------+
         Total |   3390 |   3146 |    244 |    948 |   1719 |   4 |  847.5 |
       Dungeon |   3390 |   3146 |    244 |    948 |   1719 |   4 |  847.5 |
               +--------+--------+--------+--------+--------+-----+--------+

Top non-repeatable levels by time:
     D:1: 1200 daAuts
     D:3: 1131 daAuts
     D:2: 985 daAuts
     D:4: 73 daAuts
